Map: Terraform LE (Void)

Players

phoverlord - Winner!

  • Race: Protoss Protoss
  • League: Gold

LolaRennt

  • Race: Protoss Protoss
  • League: Platinum

VOD

Have the link to the VOD?

Description

in Sicht des "Phoverlorf" Spielers:
-er fokussiert sein Orecal genau an mein Proxy Stargate warum?
-sein Stalker stellt er komischerweise genau an Nexus warum?

Time

  • Played on: Aug. 3, 2015, 2:10 p.m.
  • Length: 4:34
Show
View Real Time Build Order
Export as new Build Order

phoverlord Protoss - Winner!

Build Orders: Oracle Opening, Phoenix Opening 

Get SALT Encoding   

  12  0:01  Probe  
  13  0:16  Pylon  
  13  0:18  Probe  
  14  0:34  Probe (Chrono Boost)  
  15  0:36  Gateway  
  15  0:45  Probe (Chrono Boost)  
  16  0:52  Probe (Chrono Boost), Assimilator  
  16  0:54  Assimilator  
  17  1:04  Probe (Chrono Boost)  
  18  1:14  Probe (Chrono Boost)  
  19  1:21  Probe  
  19  1:23  Cybernetics Core  
  20  1:28  Pylon  
  20  1:33  Probe (Chrono Boost)  
  21  1:44  Probe (Chrono Boost)  
  22  1:50  Probe  
  23  2:02  Adept, Stargate  
  23  2:03  Warp Gate  
  25  2:09  Probe (Chrono Boost)  
  26  2:21  Mothership Core (Chrono Boost)  
  27  2:30  Pylon  
  27  2:35  Probe  
  28  2:48  Oracle (Chrono Boost)  
  31  2:55  Stalker  
  33  2:58  Gateway  
  33  3:01  Gateway  
  33  3:03  Pylon  
  33  3:28  Phoenix  
  33  3:29  Probe  
  28  4:04  Probe (Chrono Boost)  
  28  4:05  Phoenix (Chrono Boost)  
  28  4:16  Probe (Chrono Boost)  
  29  4:22  Probe (Chrono Boost)  
  33  4:34  Stalker  
Show
View Real Time Build Order
Export as new Build Order

LolaRennt Protoss 

Build Orders: Oracle Opening 

Get SALT Encoding   

  12  0:09  Pylon  
  12  0:13  Probe  
  13  0:25  Probe (Chrono Boost)  
  14  0:31  Gateway  
  14  0:37  Probe (Chrono Boost)  
  15  0:44  Probe (Chrono Boost)  
  16  0:50  Assimilator  
  16  0:54  Probe (Chrono Boost)  
  17  1:02  Assimilator  
  17  1:07  Probe (Chrono Boost)  
  18  1:15  Probe (Chrono Boost)  
  19  1:19  Cybernetics Core  
  19  1:24  Probe  
  20  1:27  Pylon  
  20  1:36  Probe (Chrono Boost)  
  22  1:48  Probe (Chrono Boost)  
  22  1:55  Adept (Chrono Boost), Pylon  
  24  2:01  Warp Gate (Chrono Boost)  
  24  2:14  Stargate  
  26  2:24  Adept (Chrono Boost)  
  26  2:34  Mothership Core  
  28  2:52  Forge  
  28  2:57  Oracle (Chrono Boost)  
  28  2:58  Gateway  
  31  3:29  Photon Cannon  
  22  3:57  Probe (Chrono Boost)  
  19  4:06  Probe (Chrono Boost), Phoenix  
  21  4:13  Adept x2  
  21  4:14  Probe (Chrono Boost)  
  26  4:21  Gateway  
  26  4:26  Probe (Chrono Boost)  
Tags
 
Add a new tag
Caveats
  • Supply blocks, unpowered buildings, or Contaminate may cause inaccurate times.
  • Supply counts are checked every 10 seconds.